 Dungeon Crawl Stone Soup version 0.30.1-11-g7821555f0a (webtiles) character file.

Game seed: 8344657826237221030

107 Vulpanium the Trooper (level 4, 0/41 HPs)
             Began as a Draconian Chaos Knight on Nov 30, 2023.
             Slain by a cerulean imp
             ... wielding a +2 spear
             ... summoned by Natasha
              (2 damage)
             ... on level 3 of the Dungeon.
             The game lasted 00:04:55 (2106 turns).

Vulpanium the Trooper (Draconian Chaos Knight)      Turns: 2106, Time: 00:04:55

Health: 0/41       AC:  5    Str: 16    XL:     4   Next: 57%
Magic:  4/4        EV: 12    Int: 12    God:
Gold:   72         SH:  0    Dex: 11    Spells: 3/3 levels left

rFire   . . .        a - +0 hand axe (chaos)
rCold   . . .        (no shield)
rNeg    . . .        (body armour unavailable)
rPois   .            (helmet restricted)
rElec   .            (no cloak)
rCorr   .            (no gloves)
SInv    .            (no boots)
Will    .....        j - amulet of faith
Stlth   +            (no ring)
HPRegen 0.26/turn    (no ring)
MPRegen 0.09/turn

%: faith
@: slowed, very slow
A: AC +5, unfitting armour, cold-blooded
a: no special abilities


You were on level 3 of the Dungeon.
You visited 1 branch of the dungeon, and saw 3 of its levels.

You collected 72 gold pieces.

Inventory:

Hand Weapons
 a - a +0 hand axe of chaos (weapon)
Jewellery
 e - an amulet of magic regeneration
 j - an amulet of faith (around neck)
Scrolls
 d - a scroll of noise
 i - a scroll of identify
 k - a scroll of teleportation
 l - a scroll of enchant armour
Potions
 c - a potion of attraction
 f - a potion of heal wounds {unknown}
 g - a potion of flight {unknown}
 h - a potion of degeneration {unknown}
 m - a potion of might {unknown}
Miscellaneous
 b - a piece from Xom's chessboard (15/15) (quivered)


   Skills:
 + Level 4.4 Fighting
 + Level 4.1 Axes
 + Level 2.8 Dodging
 + Level 0.3 Stealth


You had 3 spell levels left.
You didn't know any spells.
Your spell library contained the following spells:

 Spells                   Type           Power      Damage    Failure   Level
 Apportation              Tloc           0%         N/A       32%         1
 Necrotise                Necr           0%         1d4       32%         1
 Summon Small Mammal      Summ           0%         N/A       32%         1


Dungeon Overview and Level Annotations

Branches:
Dungeon (3/15)

Altars:
Trog

Annotations:
D:3 Natasha


Innate Abilities, Weirdness & Mutations

Your plain brown scales are hard. (AC +5)
You cannot fit into any form of body armour.
You are cold-blooded and may be slowed by cold attacks.


Message History

* * * LOW HITPOINT WARNING * * *
You barely miss Natasha. Natasha barely misses you.
You hit Natasha.
Natasha suddenly seems more agile.
Natasha is lightly wounded.
Natasha barely misses you. x2
You closely miss Natasha.
Natasha is lightly wounded.
Natasha closely misses you.
You barely miss Natasha.
Natasha is lightly wounded.
Natasha closely misses you.
You barely miss Natasha.
Natasha is lightly wounded.
Natasha claws you!
* * * LOW HITPOINT WARNING * * *
You hit Natasha but do no damage.
Your tail-slap misses Natasha.
Natasha is lightly wounded.
Natasha casts a spell at you.
You feel yourself slow down.
You barely miss Natasha.
Natasha is lightly wounded.
Natasha casts a spell.
Natasha claws you.
* * * LOW HITPOINT WARNING * * *
You hit Natasha. You freeze Natasha.
Natasha is severely wounded.
You closely miss the cerulean imp. The cerulean imp closely misses you.
Natasha closely misses you.
You closely miss Natasha.
Natasha is severely wounded.
You hit the cerulean imp but do no damage.
The cerulean imp seems to speed up.
The cerulean imp hits you but does no damage.
Natasha barely misses you.
The cerulean imp hits you with a +2 spear.
* * * LOW HITPOINT WARNING * * *
Natasha claws you but does no damage.
The cerulean imp hits you with a +2 spear.
You die...
Xom howls with laughter!

#. #.##...........
###.### #.##..##.......
#.....# #.##..##.#.#.##
##.#.#†####..........#.##
#...............##.###.##
#...#.....###..###.# #.##
... ##.....##..###.###.##
# #.#.#....##..........#.
#....@......###.###...
#...5h......#...# #..#
................### #...
.#####....##.#..#####.#.
#....##.#..#.......
##....)..#..#.###.##
#...#.#.............
.###..........###.##
#...<.#....##...#


You could see Natasha (agile) and a cerulean imp (summoned, fast).

Vanquished Creatures
  Natasha (D:3)
  2 adders
  A worm (D:3)
  4 dart slugs (D:1)
  4 orcs (D:3)
  2 bats
  2 endoplasms
  4 giant cockroaches
  7 goblins
  4 hobgoblins
  2 quokkas (D:1)
  3 ball pythons (D:1)
  A frilled lizard (D:2)
  3 kobolds (D:1)
  5 rats
45 creatures vanquished.

Vanquished Creatures (others)
  A rat zombie (D:3)
1 creature vanquished.

Grand Total: 46 creatures vanquished

Notes
Turn   | Place    | Note
-------+----------+-------------------------------------------
     0 | D:1      | Vulpanium the Draconian Chaos Knight began the quest for
                  | the Orb.
     0 | D:1      | Reached XP level 1. HP: 19/19 MP: 1/1
    54 | D:1      | XOM: silly message
   208 | D:1      | XOM: divination: detect items
   221 | D:1      | Reached XP level 2. HP: 26/26 MP: 2/2
   635 | D:1      | Reached XP level 3. HP: 33/33 MP: 3/3
   650 | D:1      | Fell from the grace of Xom
  1824 | D:3      | Found a bloodstained altar of Trog.
  1916 | D:3      | Reached XP level 4. HP: 24/40 MP: 4/4
  2072 | D:3      | Noticed Natasha
  2086 | D:3      | Killed Natasha
  2090 | D:3      | Noticed Natasha
  2106 | D:3      | HP: 2/41 [cerulean imp/+2 spear[Natasha] (3)]
  2106 | D:3      | Slain by a cerulean imp

Illustrated notes

Levels and vault maps discovered:
D:1:      elethiomel_arrival_shortcut, layout_loops_corners,
          minmay_misc_feat_room, amethyst_killhole, amcnicky_mini_pool_small,
          minmay_tromino_v4_b
D:2:      layout_loops_ring, supply_closet_lemuel
D:3:      layout_loops_ring, mainiacjoe_overflow_boulevard, lemuel_round_altar,
          shapermc_ecumenical_altar_starsandcircs, nicolae_titane, uniq_jessica,
          uniq_natasha

Skill      XL: |  1  2  3  4 |
---------------+-------------+-----
Axes           | 4 |  4.1
Fighting       | 4 |  4.4
Dodging        | |  2.8
Stealth        | |  0.3

Action                     |  1- 3 |  4- 6 || total
---------------------------+-------+-------++-------
  Melee: Hand axe          |   127 |    29 ||   156
         Tailslap          |    10 |     1 ||    11
 Invoke: Renounce Religion |     1 |       ||     1
  Evoke: Piece from Xom's  |     1 |       ||     1
    Use: Scroll            |     4 |       ||     4
 Armour: Skin              |    44 |     2 ||    46
  Dodge: Dodged            |    89 |    21 ||   110
